 Dungeon Crawl Stone Soup version 0.30-a0-341-g682706514a (webtiles) character file.

Game seed: 3050528238275033498

3801 koil the Ruffian (level 9, 0/75 HPs)
             Began as a Grey Draconian Transmuter on Nov 5, 2022.
             Slain by an orc warrior
             ... wielding a +0 trident of freezing
              (5 damage)
             ... on level 9 of the Dungeon.
             The game lasted 00:26:50 (7846 turns).

koil the Ruffian (Grey Draconian Transmuter)        Turns: 7846, Time: 00:26:51

Health: 0/75       AC: 13    Str: 17    XL:     9   Next: 96%
Magic:  16/17      EV: 18    Int: 13    God:
Gold:   437        SH:  0    Dex: 12    Spells: 9/19 levels left

rFire   . . .      SeeInvis .      - Unarmed
rCold   . . .      Faith    .    (no shield)
rNeg    . . .      Spirit   .    (body armour unavailable)
rPois   .          Reflect  .    (helmet restricted)
rElec   .          Harm     .    B - +0 cloak
rCorr   +          Rampage  .    (no gloves)
Will    .....                    (no boots)
Stlth   +.........               m - amulet of the acrobat
HPRegen 0.32/turn                c - +4 ring of evasion
MPRegen 0.15/turn                b - ring of resist corrosion

@: no status effects
A: AC +12, amphibious, unfitting armour, cold-blooded
a: no special abilities


You were on level 9 of the Dungeon.
You visited 2 branches of the dungeon, and saw 10 of its levels.

You collected 437 gold pieces.

Inventory:

Hand Weapons
 e - a +1 rapier of speed
 h - a +2 quarterstaff of chaos
 n - a +2 dire flail of protection
 r - a +2 dagger of venom
 v - a +4 vampiric trident
 w - a +2 dagger
 x - a +5 great sword
 y - a +4 flail
 J - a +2 dagger of chaos
 K - the +4 mace of Xyriph {pain, rElec rC+ Dex+3}
   (You found it on level 9 of the Dungeon)

   In the hands of one skilled in necromantic magic, it inflicts extra damage on
   living creatures.
   Dex:       It affects your dexterity (+3).
   rC:        It protects you from cold.
   rElec:     It insulates you from electricity.
Missiles
 u - 9 poisoned darts
 C - 3 curare-tipped darts
Armour
 q - a scarf of resistance
 B - a +0 cloak (worn)
 D - a +0 pair of boots
Jewellery
 b - a ring of resist corrosion (right hand)
 c - a +4 ring of evasion (left hand)
 m - an amulet of the acrobat (around neck)
 A - a ring of protection from fire
Wands
 k - a wand of flame (11)
 F - a wand of iceblast (12)
 G - a wand of digging (2)
Scrolls
 d - a scroll of fog
 f - 2 scrolls of magic mapping
 j - 5 scrolls of enchant weapon
 s - 2 scrolls of immolation
 t - a scroll of enchant armour
 z - a scroll of fear
 E - 2 scrolls of poison
 I - 2 scrolls of identify
 M - a scroll of amnesia
 N - a scroll of teleportation {unknown}
Potions
 a - 3 potions of lignification
 g - 2 potions of resistance
 i - 6 potions of curing
 l - a potion of might
 o - 3 potions of heal wounds
 p - a potion of cancellation
 H - a potion of attraction {unknown}
 L - a potion of brilliance {unknown}


   Skills:
 + Level 6.2 Fighting
 + Level 5.5 Dodging
 + Level 6.3 Unarmed Combat
 + Level 5.6 Spellcasting
 + Level 6.1 Transmutations
 + Level 2.6 Ice Magic
 + Level 5.4 Poison Magic


You had 9 spell levels left.
You knew the following spells:

 Your Spells              Type           Power      Damage    Failure   Level
a - Beastly Appendage     Tmut           38%        N/A       1%          1
b - Wereblood             Tmut           19%        N/A       2%          2
c - Spider Form           Tmut/Pois      18%        N/A       4%          3
d - Ice Form              Ice/Tmut       15%        N/A       28%         4

Your spell library contained the following spells:

 Spells                   Type           Power      Damage    Failure   Level
 Inner Flame              Hex/Fire       3%         N/A       47%         3
 Flame Wave               Conj/Fire      3%         2d5       87%         4
 Sticky Flame             Conj/Fire      3%         2d3       87%         4


Dungeon Overview and Level Annotations

Branches:
Dungeon (8/15)             Temple (1/1) D:4            Lair (0/5) D:9
    Orc (0/2) D:9

Altars:
Ashenzari
Cheibriados
Dithmenos
Elyvilon
Fedhas
Gozag
Hepliaklqana
Makhleb
Nemelex Xobeh
Okawaru
Qazlal
Ru
Sif Muna
Uskayaw
Vehumet
Wu Jian
Xom
Yredelemnul
Zin
The Shining One

Shops:
D:3 (


Innate Abilities, Weirdness & Mutations

Your dull iron-grey scales are very hard. (AC +12)
You are amphibious.
You cannot fit into any form of body armour.
You are cold-blooded and may be slowed by cold attacks.


Message History

* * * LOW HITPOINT WARNING * * *
The orc warrior freezes you.
* * * LOW HITPOINT WARNING * * *
You hit the orc but do no damage.
The orc is poisoned.
The orc hits you with a +0 whip.
* * * LOW HITPOINT WARNING * * *
The orc warrior hits you from afar with a +0 trident of freezing.
* * * LOW HITPOINT WARNING * * *
The orc warrior freezes you.
* * * LOW HITPOINT WARNING * * *
The orc priest begins to cast a cantrip, but forgets the words!
The orc attacks as you move away! The orc completely misses you.
Your transformation is almost over.
You feel much better. The orc hits you with a +0 whip.
The orc warrior completely misses you.
You barely miss the orc.
The orc is heavily wounded.
The orc hits you with a +0 whip.
The orc warrior hits you from afar with a +0 trident of freezing!
The orc warrior freezes you.
You hit the orc.
You kill the orc!
The orc warrior barely misses you.
You swing at nothing.
The orc warrior hits you with a +0 trident of freezing!
* * * LOW HITPOINT WARNING * * *
The orc warrior freezes you.
* * * LOW HITPOINT WARNING * * *
You see here a +0 whip.
You bite the orc warrior!
The orc warrior is poisoned.
The orc warrior is moderately wounded.
Your transformation has ended.
Your +0 cloak unmelds from your body.
The orc warrior barely misses you.
The orc priest miscasts a cantrip.
You completely miss the orc warrior.
The orc warrior is moderately wounded.
The orc warrior hits you with a +0 trident of freezing!
* * * LOW HITPOINT WARNING * * *
The orc warrior freezes you.
You die...

#....###############.............
......# #####....###........
......# #...............###.
......# #.(.................
......# #...............###.
......## ###...............# #.
.......# #.....##..........# ##
######## #####.##..........# # #
> #@##..........# # y.
#o###........#### # _o.
#o###...........## # ....
#y##..........#... #


8yyoo ##y##..........#### # ###8'8##oy##.........>##..
...................>..#..# ......y$..............#.## .....########........#..#
You could see an orc warrior (very poisoned), 3 killer bees and 2 orc priests.

Vanquished Creatures
  A hornet (D:9)
  A vampire (D:9)
  A water moccasin (D:8)
  Edmund (D:5)
  An orc warrior (D:9)
  A black bear (D:6)
  An ice beast (D:6)
  A sky beast (D:6)
  5 ogres
  3 centaurs
  A kobold brigand (D:9)
  A bullfrog (D:7)
  2 gnoll sergeants (D:7)
  2 scorpions
  9 wights
  5 killer bees (D:9)
  A howler monkey (D:6)
  A jelly (D:6)
  An electric eel (D:9)
  A crimson imp (D:8)
  4 hounds
  A gnoll bouda (D:7)
  An orc priest (D:3)
  Crazy Yiuf (D:6)
  Jessica (D:3)
  6 orc wizards
  An iguana (D:4)
  13 gnolls
  7 adders
  2 white imps
  An ufetubus (D:7)
  3 worms
  A dart slug (D:1)
  23 orcs
  6 ball pythons
  5 bats
  6 endoplasms
  4 giant cockroaches
  9 hobgoblins
  4 jackals (D:4)
  2 quokkas (D:3)
  2 frilled lizards
  8 goblins
  8 kobolds
  A rat (D:1)
160 creatures vanquished.

Vanquished Creatures (collateral kills)
  Grinder (D:5)
  An orc warrior (D:5)
  A shadow imp (D:5)
  A dart slug (D:5)
4 creatures vanquished.

Grand Total: 164 creatures vanquished

Notes
Turn   | Place    | Note
-------+----------+-------------------------------------------
     0 | D:1      | koil the Draconian Transmuter began the quest for the Orb.
     0 | D:1      | Reached XP level 1. HP: 16/16 MP: 3/3
    86 | D:1      | Found a faded altar of an unknown god.
   170 | D:1      | Reached XP level 2. HP: 12/23 MP: 3/5
   176 | D:1      | Learned a level 2 spell: Wereblood
  1023 | D:2      | Reached XP level 3. HP: 27/28 MP: 6/6
  1318 | D:2      | Reached skill level 1 in Poison Magic
  1769 | D:3      | Noticed Jessica
  1776 | D:3      | Killed Jessica
  1777 | D:3      | Reached XP level 4. HP: 36/36 MP: 4/7
  2004 | D:3      | Found Xomix's Antique Weapon Emporium.
  2040 | D:3      | Reached XP level 5. HP: 39/41 MP: 5/8
  2515 | D:3      | Found a sacrificial altar of Ru.
  2673 | D:4      | Noticed an ogre
  2682 | D:4      | Killed an ogre
  2694 | D:4      | Reached XP level 6. HP: 50/50 MP: 6/10
  2940 | D:4      | Found a staircase to the Ecumenical Temple.
  3365 | Temple   | Entered the Ecumenical Temple
  3599 | D:5      | Entered Level 5 of the Dungeon
  3723 | D:5      | Noticed Grinder
  3728 | D:5      | Killed Grinder
  3729 | D:5      | Your scales start taking on a dull iron-grey colour.
  3729 | D:5      | Reached XP level 7. HP: 29/57 MP: 7/12
  3751 | D:5      | Found a white marble altar of Elyvilon.
  3872 | D:5      | Found an iron altar of Okawaru.
  4296 | D:5      | Noticed Edmund
  4336 | D:5      | Killed Edmund
  4513 | D:5      | Found a shimmering blue altar of Sif Muna.
  4586 | D:5      | Found an opulent altar of Gozag.
  4767 | D:5      | Learned a level 3 spell: Spider Form
  4807 | D:6      | Reached XP level 8. HP: 64/66 MP: 11/14
  4837 | D:6      | Reached skill level 5 in Unarmed Combat
  5096 | D:6      | Found a hide-covered altar of Uskayaw.
  5225 | D:6      | Reached skill level 5 in Fighting
  5310 | D:6      | Found a snail-covered altar of Cheibriados.
  5384 | D:6      | Reached skill level 5 in Transmutations
  5550 | D:6      | Found a runed translucent door.
  5551 | D:6      | Noticed Crazy Yiuf
  5586 | D:6      | Found a glowing silver altar of Zin.
  5789 | D:6      | Killed Crazy Yiuf
  6037 | D:7      | Found a hazy altar of Hepliaklqana.
  6173 | D:7      | Reached XP level 9. HP: 71/74 MP: 13/16
  6310 | D:7      | Found a shadowy altar of Dithmenos.
  6516 | D:7      | Reached skill level 5 in Spellcasting
  6524 | D:7      | Learned a level 4 spell: Ice Form
  6574 | D:7      | Reached skill level 5 in Dodging
  6924 | D:8      | Reached skill level 1 in Ice Magic
  6960 | D:8      | Found a shimmering altar of Xom.
  6982 | D:8      | Found a burning altar of Makhleb.
  7026 | D:8      | Reached skill level 5 in Poison Magic
  7040 | D:8      | You fall into a shaft and drop 1 floor!
  7113 | D:9      | Found a staircase to the Lair.
  7167 | D:9      | Found a blossoming altar of Fedhas.
  7169 | D:9      | Identified the +4 mace of Xyriph {pain, rElec rC+ Dex+3}
  7414 | D:9      | Paralysed by a hornet for 2 turns
  7806 | D:9      | Found a staircase to the Orcish Mines.
  7846 | D:9      | Slain by an orc warrior

Illustrated notes

Levels and vault maps discovered:
D:1:      psy_arrival_statuary, layout_loops_ring,
          nicolae_ecumenical_lake_church
D:2:      layout_basic
D:3:      minmay_skewed_foursquare, layout_basic, nicolae_ru_path_of_blood,
          serial_shops, shop_statue, uniq_jessica
D:4:      layout_gridville, temple_statues
D:5:      layout_gridville, kennysheep_mini, lemuel_round_altar,
          jmf_multi_god_temple, uniq_grinder, uniq_edmund
D:6:      layout_cave_pools, cheibriados_altar_1, mainiacjoe_overflow_24_doors,
          zin_scriptorium, hangedman_decor_slide_cut, uniq_crazy_yiuf_cottage
D:7:      layout_loops_cross, nzn_hepliaklqana_mist_gate,
          mainiacjoe_overflow_brackets
D:8:      layout_cave_pools, grunt_temple_overflow_champion_of_chaos,
          nicolae_figureground_pulse
D:9:      layout_rooms, fedhas_altar_1, lair_entry_dummy, david_orc_5,
          kennysheep_doodads
Temple:   nicolae_temple_little_seven

Skill      XL: |  1  2  3  4  5  6  7  8  9 |
---------------+----------------------------+-----
Dodging        | 2 3 4 5 |  5.5
Poison Magic   | 1 2 3 4 5 |  5.4
Fighting       | 2 3 4 5 6 |  6.2
Transmutations | 3 4 5 6 |  6.1
Spellcasting   | 3 4 5 |  5.6
Unarmed Combat | 4 5 6 |  6.3
Ice Magic      | 2 |  2.6

Action                   |  1- 3 |  4- 6 |  7- 9 || total
-------------------------+-------+-------+-------++-------
Melee: Unarmed           |   129 |    99 |   403 ||   631
       Tailslap          |    16 |     6 |    51 ||    73
       Punch             |     4 |       |    12 ||    16
       Kick              |     4 |    19 |    83 ||   106
       Headbutt          |     2 |    15 |    56 ||    73
Throw: Dart              |       |     3 |     4 ||     7
 Cast: Beastly Appendage |     8 |    11 |    31 ||    50
       Wereblood         |     4 |    11 |    30 ||    45
       Spider Form       |       |       |     4 ||     4
  Use: Potion            |     1 |       |     1 ||     2
       Scroll            |       |    12 |     3 ||    15
 Stab: Sleeping          |     2 |       |       ||     2
       Distracted        |       |       |     1 ||     1
Armor: Skin              |    44 |    17 |   100 ||   161
Dodge: Dodged            |    78 |    81 |   334 ||   493

Table legend: (Time is in decaauts)
 A = Elapsed time spent in this place.
 B = Non-inter-level travel time spent in this place.
 C = Inter-level travel time spent in this place.
 D = Time resting spent in this place.
 E = Time spent auto-exploring this place.
 F = Levels seen in this place.
 G = Mean time per level.
                   A        B        C        D        E       F      G
               +--------+--------+--------+--------+--------+-----+--------+
         Total |   7810 |   7586 |    224 |    416 |   5514 |  10 |  781.0 |
       Dungeon |   7592 |   7368 |    224 |    316 |   5481 |   9 |  843.6 |
        Temple |    217 |    217 |      0 |    100 |     33 |   1 |  217.0 |
               +--------+--------+--------+--------+--------+-----+--------+

Top non-repeatable levels by time:
     D:5: 1183 daAuts
     D:6: 1067 daAuts
     D:7: 985 daAuts
     D:3: 895 daAuts
     D:1: 872 daAuts
     D:2: 858 daAuts
     D:9: 795 daAuts
     D:4: 764 daAuts
  Temple: 217 daAuts
     D:8: 170 daAuts
